 Dungeon Crawl Stone Soup version bcrawl-1.21.2-1-g32d02e0829 (webtiles) character file.

Game seed: 9808388794289624494

162 Mrkan the Chopper (level 5, -3/47 HPs)
             Began as a Minotaur Fighter on Feb 25, 2020.
             Slain by a sky beast (6 damage)
             ... on level 4 of the Dungeon.
             The game lasted 00:02:30 (2027 turns).

Mrkan the Chopper (Minotaur Fighter)                Turns: 2027, Time: 00:02:30

Health: -3/47      AC:  7    Str: 20    XL:     5   Next: 19%
Magic:  4/4        EV:  7    Int:  5    God:
Gold:   200        SH:  9    Dex: 11    Spells: 4/4 levels left

rFire    . . .     SeeInvis .   a - +0 war axe
rCold    . . .     Gourm    .   c - +0 shield
rNeg     . . .     Faith    .   b - +0 scale mail
rPois    .         Spirit   .   (helmet restricted)
rElec    .         Reflect  .   (no cloak)
rCorr    .         Harm     .   (no gloves)
MR       .....                  (no boots)
Stlth    ..........             (no amulet)
HPRegen  0.15/turn              (no ring)
MPRegen  0.09/turn              (no ring)

@: very slow
A: retaliatory headbutt, horns 2
a: no special abilities


You were on level 4 of the Dungeon.
You were not hungry.

You visited 1 branch of the dungeon, and saw 4 of its levels.

You collected 200 gold pieces.

Inventory:

Hand Weapons
 a - a +0 war axe (weapon)
Armour
 b - a +0 scale mail (worn)
 c - a +0 shield (worn)
Scrolls
 f - 5 scrolls of remove curse {unknown}
 h - 3 scrolls of teleportation {unknown}
 i - a scroll of blinking {unknown}
 l - 3 scrolls of identify {unknown}
 m - a scroll of amnesia {unknown}
 n - a scroll of magic mapping {unknown}
Potions
 d - a potion of might
 g - a potion of resistance {unknown}
 j - a potion of brilliance {unknown}
 o - a potion of haste {unknown}
 p - a potion of degeneration {unknown}
 q - 4 potions of curing {unknown}
 r - a potion of heal wounds {unknown}
Comestibles
 e - 7 rations {!d}


   Skills:
 + Level 4.5 Fighting
 * Level 4.6 Axes
 + Level 4.5 Armour
 + Level 4.5 Shields


You had 4 spell levels left.
You didn't know any spells.
Your spell library contained the following spells:

 Spells                   Type           Power        Failure   Level  Hunger
 Animate Skeleton         Necr           N/A          99%         1    ##.....
 Pain                     Necr           #.....       99%         1    ##.....
 Regeneration             Chrm/Necr      #.........   100%        3    ####...
 Vampiric Draining        Necr           #.........   100%        3    ####...
 Animate Dead             Necr           N/A          100%        4    #####..
 Bolt of Draining         Conj/Necr      #.........   100%        5    ######.


Dungeon Overview and Level Annotations

Branches:
Dungeon (4/12)
 Temple: D:4-7

Altars:
Zin

Annotations:
D:4 Sigmund


Innate Abilities, Weirdness & Mutations

You reflexively headbutt those who attack you in melee.
You have a pair of horns on your head.


Message History

The crimson imp spits at you. Something hits you but does no damage.
You hear some strange, mumbled words.
Something tries to affect you, but you resist.
A sky beast comes into view.
The crimson imp blinks!
Why would you want to do that?
You enter the shallow water.
Moving in this stuff is going to be slow.
A leopard gecko comes into view.
Something hits you! You block something's attack.
The adder bites you but does no damage.
Something hits you but does no damage. x2
The leopard gecko hisses angrily.
The adder barely misses you. The frilled lizard barely misses you.
Something hits you!
* * * LOW HITPOINT WARNING * * *
The adder completely misses you. The sky beast hits you.
* * * LOW HITPOINT WARNING * * *
The sky beast shocks you.
You die...

##..## ...##
####....# #...#
##..#....###...## .
#........5......# ...
#....≈8.8.8....##....
#...≈≈[....†.<.....##
##..≈≈8.8............
###Slo..........#...
#..@≈≈..........# .
##..Y≈............
###.≈..l...[#.##...
#.........### #..
#........lW ..
#....W..#.. ##......#
...##.


You could see a phantom, a sky beast, a crimson imp, an adder, an orc, a leopard
gecko and a frilled lizard.

Vanquished Creatures
  A howler monkey (D:4)
  Natasha (D:4)
  2 adders (D:3)
  An ooze (D:2)
  3 worms
  A dart slug (D:1)
  4 leopard geckos
  An orc (D:3)
  A ball python (D:2)
  2 giant cockroaches
  5 goblins
  7 hobgoblins
  9 jackals
  6 quokkas
  5 bats
  3 frilled lizards (D:3)
  4 kobolds
  2 rats (D:2)
58 creatures vanquished.

Notes
Turn   | Place    | Note
-------+----------+-------------------------------------------
     0 | D:1      | Mrkan the Minotaur Fighter began the quest for the Orb.
     0 | D:1      | Reached XP level 1. HP: 19/19 MP: 0/0
   259 | D:1      | Reached XP level 2. HP: 24/27 MP: 1/1
   843 | D:2      | Reached XP level 3. HP: 33/33 MP: 2/2
  1087 | D:2      | Found a faded altar of an unknown god.
  1478 | D:3      | Reached XP level 4. HP: 23/40 MP: 3/3
  1743 | D:3      | Noticed an angel
  1744 | D:3      | Found a glowing silver altar of Zin.
  2003 | D:4      | Noticed Natasha
  2003 | D:4      | Noticed a sky beast
  2010 | D:4      | Reached XP level 5. HP: 37/47 MP: 4/4
  2011 | D:4      | Killed Natasha
  2014 | D:4      | Noticed Sigmund
  2017 | D:4      | Noticed a phantom
  2024 | D:4      | Noticed a sky beast
  2027 | D:4      | Slain by a sky beast

Skill      XL: |  1  2  3  4 |
---------------+-------------+-----
Axes           | 3 4 |  4.6
Armour         | 4 |  4.5
Fighting       | 4 |  4.5
Shields        | 4 |  4.5

Action                   |  1- 3 |  4- 6 || total
-------------------------+-------+-------++-------
Melee: War axe           |   107 |    31 ||   138
       Headbutt          |     8 |     9 ||    17
  Eat: Chunk             |     2 |     2 ||     4
Armor: Scale mail        |    61 |    27 ||    88
Dodge: Dodged            |    32 |    21 ||    53
Block: Shield            |    66 |    26 ||    92
